 Dungeon Crawl Stone Soup version 0.28.0-45-g0d030f2227 (webtiles) character file.

Game seed: 13983871109367202147

154 Fartwhistle the Conjurer (level 5, 0/45 HPs)
             Began as a Draconian Conjurer on Apr 18, 2022.
             Constricted to death by a ball python (1 damage)
             ... on level 3 of the Dungeon.
             The game lasted 00:10:07 (2827 turns).

Fartwhistle the Conjurer (Draconian Conjurer)       Turns: 2827, Time: 00:10:08

Health: 0/45       AC:  5    Str:  9    XL:     5   Next: 13%
Magic:  2/9        EV:  9    Int: 21    God:
Gold:   102        SH:  0    Dex:  9    Spells: 7/10 levels left

rFire   . . .      SeeInvis .   c - +0 short sword (protect)
rCold   . . .      Faith    .   (no shield)
rNeg    . . .      Spirit   .   (armour unavailable)
rPois   .          Reflect  .   (helmet restricted)
rElec   .          Harm     .   (no cloak)
rCorr   .          Rampage  .   (no gloves)
Will    .....                   (no boots)
Stlth   ++........              (no amulet)
HPRegen 0.15/turn               (no ring)
MPRegen 0.11/turn               (no ring)

@: weak-willed, constricted
A: AC +5, unfitting armour, cold-blooded, stinger 1, robust 1
a: no special abilities


You were on level 3 of the Dungeon.
You visited 1 branch of the dungeon, and saw 3 of its levels.

You collected 102 gold pieces.

Inventory:

Hand Weapons
 c - a +0 short sword of protection (weapon)
 g - the +6 flail of Pecvy {vorpal, *Rage Fly rN+++ Stlth-}
   (You found it on level 2 of the Dungeon)

   It inflicts extra damage upon your enemies.
   rN:        It renders you almost immune to negative energy.
   Fly:       It grants you flight.
   *Rage:     It berserks you when you make melee attacks (+20% chance).
   Stlth:     It makes you less stealthy.
Scrolls
 d - a scroll of amnesia {unknown}
 h - a scroll of magic mapping
 i - a scroll of identify {unknown}


   Skills:
 + Level 1.8 Fighting
 - Level 1.8 Dodging
 - Level 1.8 Stealth
 + Level 3.2 Spellcasting
 + Level 5.3 Conjurations


You had 7 spell levels left.
You knew the following spells:

 Your Spells              Type           Power      Damage    Failure   Level
a - Magic Dart            Conj           100%       1d8       1%          1
b - Searing Ray           Conj           50%        2d6       2%          2

Your spell library contained the following spells:

 Spells                   Type           Power      Damage    Failure   Level
 Dazzling Flash           Conj/Hex       28%        N/A       13%         3
 Fulminant Prism          Conj/Hex       7%         3d7       38%         4
 Iskenderun's Mystic Bla  Conj/Tloc      14%        2d5       38%         4


Dungeon Overview and Level Annotations

Branches:
Dungeon (3/15)

Altars:
Qazlal

Shops:
D:2 =

Annotations:
D:2 exclusion: downstairs
D:3 Grinder, Robin


Innate Abilities, Weirdness & Mutations

Your plain brown scales are hard. (AC +5)
You cannot fit into any form of body armour.
You are cold-blooded and may be slowed by cold attacks.
Your tail ends in a venomous barb.
You are robust. (+10% HP)


Message History

* * * LOW HITPOINT WARNING * * *
The ball python bites you but does no damage.
The ball python constricts you.
It was a potion of curing.
You feel better. Grinder gestures at you.
You struggle to resist.
The ball python bites you but does no damage.
The ball python constricts you.
* * * LOW HITPOINT WARNING * * *
As you read the scroll labelled PEAMA VIAVVE, it crumbles to dust.
It is a scroll of enchant armour.
You aren't carrying any armour which can be enchanted further.
Grinder hits you but does no damage. The ball python barely misses you.
The ball python constricts you.
You escape the ball python's grasp.
Grinder barely misses you. The ball python barely misses you.
The ball python grabs you. The ball python constricts you.
You escape the ball python's grasp.
Grinder barely misses you. The kobold barely misses you.
Grinder gestures at you.
You suddenly lose the ability to move!
The kobold hits you with a +1 antimagic short sword.
* * * LOW HITPOINT WARNING * * *
You feel your power leaking away. The endoplasm hits you.
* * * LOW HITPOINT WARNING * * *
The kobold hits you with a +1 antimagic short sword.
* * * LOW HITPOINT WARNING * * *
You can move again.
Unknown command.
It was a potion of mutation.
You feel extremely strange.
A venomous barb forms on the end of your tail.
You feel robust. The ball python closely misses you.
The ball python barely misses you. The endoplasm closely misses you.
The kobold barely misses you. Grinder misses you.
The endoplasm hits the plant.
The plant begins to die.
The kobold hits the plant with a +1 antimagic short sword.
The ball python barely misses you. The ball python grabs you.
The ball python constricts you.
You die...

*,..#..........#.♣♣♣.P♣♣..♣*,,,,,
*..............#.♣..P..)P♣P♣♣,,,,
*..#######.÷<..#♣♣♣..♣♣†.P..♣,,,,
,.,* ##* #.....♣ ♣P♣♣.♣♣♣...♣*,,,
**,#######.....♣ ♣..♣..♣..P.P♣*,,
,,,+.._..'.##..♣ ♣♣..♣.......♣,,,
**,###.###.##..#♣♣J............,,
*,,* *,* #.##....SPK...........,*
,,,###+###.....#@P..P.........P,,
,,,...........#..5...........,,,*
,,,........................♣.**,,
***##...#...#......P......♣P♣,,**
* #........................**,*
#....#..#.....P......♣..****, ***
#......##......P.....,,**,,**
,,**#....####.....P.....,,**,,***
*,,,..#..)....<..,,,,,,,,,,,**,**


You could see Grinder (weak-willed), an endoplasm (weak-willed), a ball python
(weak-willed) and a kobold (weak-willed).

Vanquished Creatures
  Natasha (twice) (D:3)
  4 adders
  A worm (D:2)
  A dart slug (D:1)
  7 ball pythons
  5 bats
  5 endoplasms
  2 giant cockroaches
  A goblin (D:2)
  6 hobgoblins
  7 jackals
  5 kobolds
  6 quokkas
  A frilled lizard (D:1)
  3 rats
56 creatures vanquished.

Vanquished Creatures (others)
  32 plants (D:3)
32 creatures vanquished.

Grand Total: 88 creatures vanquished

Notes
Turn   | Place    | Note
-------+----------+-------------------------------------------
     0 | D:1      | Fartwhistle the Draconian Conjurer began the quest for the
                  | Orb.
     0 | D:1      | Reached XP level 1. HP: 14/14 MP: 3/3
   301 | D:1      | Reached XP level 2. HP: 18/20 MP: 0/5
   936 | D:1      | Reached XP level 3. HP: 23/26 MP: 0/6
   939 | D:1      | Learned a level 2 spell: Searing Ray
  1396 | D:2      | Found Aczoagis's Jewellery Boutique.
  1415 | D:2      | Identified the +6 flail of Pecvy {vorpal, *Rage Fly rN+++
                  | Stlth-}
  1831 | D:2      | Found a faded altar of an unknown god.
  1950 | D:2      | Reached skill level 5 in Conjurations
  2125 | D:2      | Reached XP level 4. HP: 34/34 MP: 2/8
  2279 | D:3      | Noticed Robin
  2280 | D:3      | Noticed Grinder
  2502 | D:3      | Found a stormy altar of Qazlal.
  2513 | D:3      | Noticed Natasha
  2518 | D:3      | Killed Natasha
  2519 | D:3      | Reached skill level 1 in Fighting
  2527 | D:3      | Noticed Natasha
  2600 | D:3      | Killed Natasha
  2601 | D:3      | Reached XP level 5. HP: 33/41 MP: 4/9
  2823 | D:3      | Paralysed by Grinder for 2 turns
  2823 | D:3      | HP: 2/41 [kobold/+1 antimagic short sword (6)]
  2825 | D:3      | Gained mutation: Your tail ends in a venomous barb. [potion
                  | of mutation]
  2825 | D:3      | Gained mutation: You are robust. (+10% HP) [potion of
                  | mutation]
  2827 | D:3      | Constricted to death by a ball python

Illustrated notes

Levels and vault maps discovered:
D:1:      evilmike_arrival_hilbert_curve, layout_loops_ring
D:2:      layout_basic, shapermc_ecumenical_altar_ellora, serial_shops,
          nicolae_square_shop
D:3:      wad_woods_pond, layout_rooms, nicolae_ru_path_of_blood,
          lemuel_doored_altar, serial_corexii_hall, corexii_hall_statues_u,
          corexii_hall_statues_s, chequers_hall_statues_corner_a, uniq_robin,
          uniq_natasha, uniq_grinder, uniq_terence

Skill      XL: |  1  2  3  4 |
---------------+-------------+-----
Conjurations   | 5 |  5.3
Fighting       | 1 |  1.8
Spellcasting   | 3 |  3.2
Dodging        | |  1.8
Stealth        | |  1.8

Action                   |  1- 3 |  4- 6 || total
-------------------------+-------+-------++-------
Melee: Unarmed           |     7 |       ||     7
       Tailslap          |     4 |     2 ||     6
       Short sword       |    27 |     8 ||    35
       Flail             |     5 |       ||     5
       Punch             |     1 |       ||     1
 Cast: Magic Dart        |    89 |    26 ||   115
       Searing Ray       |       |     3 ||     3
  Use: Scroll            |       |     3 ||     3
       Potion            |       |     2 ||     2
Armor: Skin              |    19 |    12 ||    31
Dodge: Dodged            |    32 |    21 ||    53
